 Dungeon Crawl Stone Soup version 0.31-a0-1308-ga3cce3a448 (webtiles) character file.

Game seed: 11467700170096768805

6770 MachoJfn the Frost Mage (level 10, -3/63 HPs)
             Began as a Demonspawn Ice Elementalist on Dec 19, 2023.
             Was the Champion of Cheibriados.
             Slain by a troll (15 damage)
             ... on level 10 of the Dungeon.
             The game lasted 00:44:18 (12887 turns).

MachoJfn the Frost Mage (DsIE)                     Turns: 12887, Time: 00:44:19

Health: -3/63      AC: 11    Str: 24    XL:     10   Next: 76%
Magic:  5/22       EV: 13    Int: 35    God:    Cheibriados [******]
Gold:   439        SH:  0    Dex: 34    Spells: 10/26 levels left

rFire   + . .        e - +4 short sword (venom)
rCold   + . .        (no shield)
rNeg    . . .        j - +0 leather armour of the Sunfish {-Tele rPois Regen+}
rPois   +            r - +1 helmet
rElec   .            z - +2 cloak {rCorr}
rCorr   +            i - +0 pair of gloves
SInv    .            (boots unavailable)
Will    .....        b - amulet of regeneration
Stlth   +            n - +6 ring of dexterity
HPRegen 1.90/turn    p - ring of protection from fire
MPRegen 0.18/turn

%: no teleportation
@: confused, ambrosia-drunk, freezing walls, very slow
A: hooves 3, slimy green scales 1, demonic guardian 3, cold resistance 1, wild
magic 1
a: Renounce Religion, Bend Time, Temporal Distortion, Slouch, Step From Time


You were on level 10 of the Dungeon.
You worshipped Cheibriados.
Cheibriados was exalted by your worship.
You visited 1 branch of the dungeon, and saw 10 of its levels.

You collected 439 gold pieces.

Inventory:

Hand Weapons
 e - a +4 short sword of venom (weapon)
 q - a +5 battleaxe
Missiles
 c - 140 stones
 k - a throwing net
 o - 13 poisoned darts
 v - 6 large rocks
Armour
 i - a +0 pair of gloves (worn)
 j - the +0 leather armour of the Sunfish (worn) {-Tele rPois Regen+}
   (You found it on level 6 of the Dungeon)

   rPois:     It protects you from poison -Tele: It prevents most forms of
   teleportation.
   Regen+:    It increases your rate of health regeneration.
 r - a +1 helmet (worn)
 z - a +2 cloak of preservation (worn)
Magical Staves
 d - a staff of fire
Jewellery
 b - an amulet of regeneration (around neck)
 f - an amulet of guardian spirit
 n - a +6 ring of dexterity (left hand)
 p - a ring of protection from fire (right hand)
Wands
 g - a wand of roots (17)
 x - a wand of flame (14)
 y - a wand of mindburst (21)
 C - a wand of polymorph (2)
Scrolls
 a - 4 scrolls of identify
 l - 3 scrolls of fog
 s - 5 scrolls of teleportation
 A - 2 scrolls of revelation
 D - a scroll of acquirement {unknown}
Potions
 h - 3 potions of curing
 m - a potion of mutation
 t - a potion of ambrosia
 u - a potion of degeneration
 w - 2 potions of attraction
 B - 2 potions of might {unknown}
 E - a potion of brilliance


   Skills:
 - Level 0.2 Fighting
 - Level 1.0 Short Blades
 - Level 2.1 Dodging
 - Level 2.1 Stealth
 + Level 8.7 Spellcasting
 * Level 5.5 Summonings
 * Level 11.4 Ice Magic
 * Level 3.2 Poison Magic


You had 10 spell levels left.
You knew the following spells:

 Your Spells              Type           Power      Damage    Failure   Level
a - Freeze                Ice            100%       1d10      1%          1
b - Frozen Ramparts       Ice            100%       1d16      1%          3
c - Ozocubu's Armour      Ice            90%        N/A       1%          3
d - Summon Ice Beast      Ice/Summ       77%        N/A       2%          4
e - Poisonous Vapours     Pois/Air       68%        N/A       4%          2
f - Mephitic Cloud        Conj/Pois/Air  29%        N/A       10%         3

Your spell library contained the following spells:

 Spells                   Type           Power      Damage    Failure   Level
 Sublimation of Blood     Necr           19%        N/A       8%          2
 Wereblood                Tmut           19%        N/A       8%          2
 Freezing Cloud           Conj/Ice/Air   26%        6-21      26%         5
 Summon Mana Viper        Hex/Summ       44%        N/A       36%         5
 Irradiate                Conj/Tmut      9%         3d14      73%         5
 Monstrous Menagerie      Summ           31%        N/A       98%         7
 Summon Hydra             Summ           31%        N/A       98%         7


Dungeon Overview and Level Annotations

Branches:
Dungeon (10/15)            Temple (0/1) D:6
   Lair: D:8-11         Orc: D:9-12

Altars:
Ashenzari
Cheibriados
Fedhas
Gozag
Kikubaaqudgha
Okawaru
Qazlal
Ru
Sif Muna
Trog
Uskayaw
Xom
Yredelemnul

Shops:
D:9 *

Portals:
Abyss: D:5
Bailey: D:10

Annotations:
D:5 2 transporters, wally255's ghost, amateur DsFi


Innate Abilities, Weirdness & Mutations

You have hooves in place of feet.
You are partially covered in slimy green scales. (AC +2)
A powerful demonic guardian rushes to your aid.
Your flesh is cold resistant. (rC+)
Your spells are a little harder to cast, but a little more powerful.


Message History

Press: ? - help, Shift-Dir - straight line, f - yak
Aim: a yak (moderately wounded)
You freeze the yak!
The yak is severely wounded.
The frozen ramparts melt away.
The goblin barely misses you. The yak gores you!
Unknown command.
Casting: Freeze (safe; 1% risk of failure)
Confirm with . or Enter, or press ? or * to list all spells.
Aiming: Freeze (safe; 1% risk of failure)
Press: ? - help, Shift-Dir - straight line, f/p - yak
Aim: a yak (severely wounded)
Okay, then.
Casting: Freeze (safe; 1% risk of failure)
Confirm with . or Enter, or press ? or * to list all spells.
A chill wind blows around you. The goblin hits you but does no damage.
The yak barely misses you. The yak gores you.
Casting: Summon Ice Beast (dangerous; 2% risk of failure)
Confirm with . or Enter, or press ? or * to list all spells.
Casting: Frozen Ramparts (safe; 1% risk of failure)
Press: ? - help, Dir - look around, f - activate The walls around you are covered in ice.
The goblin misses you.
The wall freezes the goblin!
You kill the goblin!
Cheibriados appreciates the change of pace.
The wall freezes the yak.
The yak gores you!
A demonic guardian appears!
The wall freezes the yak!
The yak gores you! The troll bites you!
* * * LOW HITPOINT WARNING * * *
The troll claws you.
* * * LOW HITPOINT WARNING * * *
The troll claws you but does no damage.
You are confused.
You feel invigorated. The goblin completely misses you.
The wall freezes the orc priest but does no damage.
The wall freezes the yak!
The yak gores you!
* * * LOW HITPOINT WARNING * * *
The wall freezes the yak but does no damage.
The yak gores you.
* * * LOW HITPOINT WARNING * * *
The troll bites you!
You die...

..........#
+_#..........#
####...#.....##
#......#.....#
#............#
#............##
#.............#
.#...oT.3..[...#
.....YY@Y......#
≈~≈≈.oY#########
.>.≈.g) .∩.~...
...≈..{ ≈~≈≈...
......! .......


You could see 3 yaks, a troll (ally target), an orc warrior, an orc priest, a
goblin, a friendly sun demon (summoned) and a friendly ice beast (summoned).

Vanquished Creatures
  Maurice (D:8)
  Joseph (D:8)
  Prince Ribbit (D:9)
  5 yaks
  A shadow (D:9)
  4 water moccasins
  An ice beast (D:6)
  An orc warrior (D:8)
  An ogre (D:5)
  3 wolves (D:8)
  A centaur (D:8)
  4 bullfrogs
  A kobold brigand (D:7)
  3 scorpions
  3 wights (D:8)
  6 killer bees (D:9)
  3 howler monkeys
  A gnoll bouda (D:6)
  5 orc priests
  4 hounds
  A jelly (D:4)
  4 sleepcaps
  8 orc wizards
  2 human simulacra (D:9)
  14 gnolls
  9 adders
  A shadow imp (D:8)
  2 white imps
  2 ufetubi (D:7)
  A worm (D:2)
  5 dart slugs
  38 orcs
  7 endoplasms
  5 giant cockroaches
  3 hobgoblins
  2 jackals (D:2)
  5 quokkas
  2 ball pythons
  6 bats
  5 frilled lizards
  7 goblins
  18 kobolds
  5 rats
202 creatures vanquished.

Vanquished Creatures (collateral kills)
  Grum (D:8)
  3 yaks (D:8)
  Menkaure (D:5)
  A water moccasin (D:8)
  2 ice beasts
  A sky beast (D:7)
  A black bear (D:7)
  A centaur (D:8)
  A bullfrog (D:8)
  9 wights (D:8)
  An orc priest (D:5)
  A gnoll bouda (D:7)
  An orc wizard (D:5)
  3 gnolls
  A white imp (D:5)
  5 orcs
  3 goblins
  2 hobgoblins (D:7)
  4 kobolds (D:7)
42 creatures vanquished.

Vanquished Creatures (others)
  An orc wizard (D:9)
  2 orcs (D:9)
3 creatures vanquished.

Grand Total: 247 creatures vanquished

Notes
Turn   | Place    | Note
-------+----------+-------------------------------------------
     0 | D:1      | MachoJfn the Demonspawn Ice Elementalist began the quest
                  | for the Orb.
     0 | D:1      | Reached XP level 1. HP: 13/13 MP: 3/3
   453 | D:1      | Gained mutation: You have large cloven feet. [demonic
                  | ancestry]
   453 | D:1      | Reached XP level 2. HP: 19/19 MP: 3/5
   489 | D:1      | Reached skill level 4 in Ice Magic
  1074 | D:2      | Gained mutation: A weak demonic guardian rushes to your
                  | aid. [demonic ancestry]
  1074 | D:2      | Reached XP level 3. HP: 24/24 MP: 0/6
  1083 | D:2      | Learned a level 3 spell: Frozen Ramparts
  1150 | D:2      | Reached XP level 4. HP: 24/30 MP: 0/8
  3212 | D:2      | Gained mutation: A demonic guardian rushes to your aid.
                  | [demonic ancestry]
  3212 | D:2      | Reached XP level 5. HP: 33/35 MP: 5/9
  3337 | D:2      | Learned a level 3 spell: Ozocubu's Armour
  3585 | D:2      | Found a faded altar of an unknown god.
  3590 | D:2      | Prayed at the altar of an unknown god.
  3590 | D:2      | Became a worshipper of Cheibriados the Contemplative
  3590 | D:2      | Reached * piety under Cheibriados
  3628 | D:2      | Found a bloodstained altar of Trog.
  3910 | D:3      | Reached skill level 5 in Ice Magic
  4117 | D:3      | Learned a level 4 spell: Summon Ice Beast
  4127 | D:3      | Reached ** piety under Cheibriados
  4376 | D:3      | Gained mutation: You have hoof-like feet. [demonic
                  | ancestry]
  4376 | D:3      | Reached XP level 6. HP: 38/41 MP: 2/11
  4815 | D:3      | Found a shimmering blue altar of Sif Muna.
  5345 | D:4      | Reached skill level 1 in Summonings
  5500 | D:4      | Reached skill level 6 in Ice Magic
  5588 | D:4      | Gained mutation: A powerful demonic guardian rushes to your
                  | aid. [demonic ancestry]
  5588 | D:4      | Reached XP level 7. HP: 38/46 MP: 9/13
  5790 | D:4      | Reached *** piety under Cheibriados
  6009 | D:4      | Gained mutation: Your spells are a little harder to cast,
                  | but a little more powerful. [potion of mutation]
  6009 | D:4      | Gained mutation: Your flesh is cold resistant. (rC+)
                  | [potion of mutation]
  6056 | D:5      | Entered Level 5 of the Dungeon
  6098 | D:5      | Noticed Menkaure
  6264 | D:4      | Reached skill level 7 in Ice Magic
  6267 | D:4      | Reached skill level 5 in Spellcasting
  6326 | D:5      | Gained mutation: You have hooves in place of feet. [demonic
                  | ancestry]
  6326 | D:5      | Reached XP level 8. HP: 44/52 MP: 9/15
  6416 | D:5      | Noticed an ancient zyme
  6421 | D:5      | Found a transporter.
  6434 | D:5      | Killed Menkaure
  6627 | D:5      | Found a transporter.
  6652 | D:5      | Noticed wally255's ghost (amateur DsFi)
  6661 | D:5      | Found a one-way gate to the infinite horrors of the Abyss.
  6910 | D:5      | Found an opulent altar of Gozag.
  7139 | D:6      | Found a staircase to the Ecumenical Temple.
  7212 | D:6      | Reached **** piety under Cheibriados
  7423 | D:6      | Reached skill level 8 in Ice Magic
  7469 | D:6      | Found an ancient bone altar of Kikubaaqudgha.
  7469 | D:6      | Found a blossoming altar of Fedhas.
  8131 | D:6      | Identified the +0 leather armour of the Sunfish {-Tele
                  | rPois Regen+}
  8409 | D:7      | Reached skill level 1 in Short Blades
  8472 | D:7      | Found a bloodstained altar of Trog.
  8724 | D:7      | Found an iron altar of Okawaru.
  8724 | D:7      | Found a basalt altar of Yredelemnul.
  8728 | D:7      | Found a shimmering altar of Xom.
  8728 | D:7      | Found a hide-covered altar of Uskayaw.
  8968 | D:7      | Reached XP level 9. HP: 53/57 MP: 11/18
  9195 | D:7      | Reached ***** piety under Cheibriados
  9198 | D:7      | Reached skill level 9 in Ice Magic
 10304 | D:8      | Learned a level 2 spell: Poisonous Vapours
 10308 | D:8      | Learned a level 3 spell: Mephitic Cloud
 10452 | D:8      | Found a snail-covered altar of Cheibriados.
 10472 | D:8      | Noticed Maurice
 10481 | D:8      | Killed Maurice
 10482 | D:8      | Reached skill level 10 in Ice Magic
 10482 | D:8      | Reached skill level 1 in Poison Magic
 10626 | D:8      | Gained mutation: You are partially covered in slimy green
                  | scales. (AC +2) [demonic ancestry]
 10626 | D:8      | Reached XP level 10. HP: 56/60 MP: 0/21
 10755 | D:8      | Found a stormy altar of Qazlal.
 10797 | D:8      | Noticed Joseph
 10810 | D:8      | Killed Joseph
 11005 | D:8      | Found a sacrificial altar of Ru.
 11018 | D:8      | Reached skill level 5 in Summonings
 11028 | D:8      | Noticed Grum
 11306 | D:8      | Killed Grum
 11806 | D:9      | Reached skill level 11 in Ice Magic
 12117 | D:9      | Reached ****** piety under Cheibriados
 12436 | D:9      | Noticed Prince Ribbit
 12439 | D:9      | Killed Prince Ribbit
 12643 | D:9      | Found Ashekum's Fire Supplies.
 12839 | D:10     | Entered Level 10 of the Dungeon
 12866 | D:10     | Found a broken altar of Ashenzari.
 12868 | D:10     | Found a flagged portal.
 12887 | D:10     | Slain by a troll

Illustrated notes

Levels and vault maps discovered:
D:1:      dpeg_arrival_houses_and_road, layout_basic,
          chequers_serial_rivers_room_b
D:2:      wad_woods_settlement, layout_basic,
          shapermc_ecumenical_altar_mp_vishouse, basic_altar,
          minmay_heptomino_d4
D:3:      layout_rooms, led_sif_book, cheibrodos_gnoll_hut
D:4:      layout_cave_pools, reono_crystal_passage
D:5:      layout_cave_pools, grunt_gozag_statues,
          gammafunk_ghost_abyssal_escape, uniq_menkaure
D:6:      layout_loops_ring, grunt_temple_overflow_growth_and_decay,
          minmay_temple_entry_enclosed_plants
D:7:      layout_basic, trog_hazing_becter, grunt_temple_overflow_open,
          feat_on_display
D:8:      layout_loops_cross, mainiacjoe_overflow_chevrons,
          mainiacjoe_overflow_paths, mainiacjoe_overflow_concentric_impassable,
          uniq_maurice, uniq_grum, uniq_joseph
D:9:      layout_long_grid, nicolae_shop_fire_sale [nicolae_sub_dead_trees],
          bh_circular_ruins, uniq_prince_ribbit1
D:10:     layout_gridville, nemelex_spade_bored_becter, zin_purify,
          ashenzari_conservatory_becter, enter_bailey_5, uniq_sonja, uniq_erica

Skill      XL: |  1  2  3  4  5  6  7  8  9 10 |
---------------+-------------------------------+-----
Ice Magic      | 4 5 6 7 8 10 11 | 11.4
Dodging        | 2 |  2.1
Spellcasting   | 3 4 5 6 7 8 |  8.7
Stealth        | 2 |  2.1
Summonings     | 1 2 3 4 5 |  5.5
Short Blades   | 1 |  1.0
Poison Magic   | 1 3 |  3.2
Fighting       | |  0.2

Action                     |  1- 3 |  4- 6 |  7- 9 | 10-12 || total
---------------------------+-------+-------+-------+-------++-------
  Melee: Short sword       |     2 |     7 |    32 |    15 ||    56
         Unarmed           |     1 |       |       |       ||     1
         Kick              |       |       |     9 |    10 ||    19
   Cast: Freeze            |    46 |    68 |    88 |    37 ||   239
         Frozen Ramparts   |     1 |    33 |    44 |    17 ||    95
         Ozocubu's Armour  |       |     5 |     5 |     3 ||    13
         Summon Ice Beast  |       |       |    19 |    14 ||    33
    Use: Scroll            |     1 |    10 |     2 |     1 ||    14
         Potion            |       |     1 |     7 |     1 ||     9
   Stab: Sleeping          |     1 |       |       |       ||     1
 Armour: Robe              |    41 |    52 |    53 |       ||   146
         Leather armour    |       |       |    74 |    53 ||   127
  Dodge: Dodged            |    42 |    47 |   132 |    57 ||   278

Table legend: (Time is in decaauts)
 A = Elapsed time spent in this place.
 B = Non-inter-level travel time spent in this place.
 C = Inter-level travel time spent in this place.
 D = Time resting spent in this place.
 E = Time spent auto-exploring this place.
 F = Levels seen in this place.
 G = Mean time per level.
                   A        B        C        D        E       F      G
               +--------+--------+--------+--------+--------+-----+--------+
         Total |  16302 |  14931 |   1371 |   4185 |   8659 |  10 | 1630.2 |
       Dungeon |  16302 |  14931 |   1371 |   4185 |   8659 |  10 | 1630.2 |
               +--------+--------+--------+--------+--------+-----+--------+

Top non-repeatable levels by time:
     D:2: 2857 daAuts
     D:7: 2423 daAuts
     D:8: 2221 daAuts
     D:9: 1811 daAuts
     D:6: 1767 daAuts
     D:3: 1706 daAuts
     D:4: 1210 daAuts
     D:5: 1193 daAuts
     D:1: 1035 daAuts
    D:10: 74 daAuts
